 Dungeon Crawl Stone Soup version 0.30-a0-830-gfe289a77b0 (webtiles) character file.

Game seed: 2032857688405943545

443 zenocrate the Cudgeller (level 7, -2/66 HPs)
             Began as an Ogre Gladiator on Feb 28, 2023.
             Was an Initiate of Makhleb.
             Slain by a yak (8 damage)
             ... on level 5 of the Dungeon.
             The game lasted 00:03:35 (3085 turns).

zenocrate the Cudgeller (Ogre Gladiator)            Turns: 3085, Time: 00:03:35

Health: -2/66      AC:  3    Str: 21    XL:     7   Next: 2%
Magic:  7/7        EV: 15    Int:  9    God:    Makhleb [......]
Gold:   178        SH:  0    Dex: 10    Spells: 6/6 levels left

rFire   . . .      SeeInvis +    a - +0 flail
rCold   . . .      Faith    .    (no shield)
rNeg    . . .      Spirit   .    b - +0 robe
rPois   .          Reflect  .    c - +0 hat
rElec   .          Harm     .    (no cloak)
rCorr   .          Rampage  .    (gloves unavailable)
Will    .....                    (boots unavailable)
Stlth   +                        (no amulet)
HPRegen 0.31/turn                r - ring of see invisible
MPRegen 0.10/turn                y - +5 ring of evasion

@: mighty
A: large, unfitting armour, tough skin 1
a: Renounce Religion


You were on level 5 of the Dungeon.
You worshipped Makhleb.
Makhleb was noncommittal.
You visited 2 branches of the dungeon, and saw 6 of its levels.

You collected 178 gold pieces.

Inventory:

Hand Weapons
 a - a +0 flail (weapon)
Missiles
 d - 3 throwing nets
 e - a large rock
 o - 2 poisoned darts (quivered)
Armour
 b - a +0 robe (worn)
 c - a +0 hat (worn)
Jewellery
 g - a ring of fire
 r - a ring of see invisible (left hand)
 y - a +5 ring of evasion (right hand)
Wands
 u - a wand of flame (21)
 z - a wand of iceblast (5)
Scrolls
 f - 2 scrolls of poison {unknown}
 j - a scroll of silence {unknown}
 l - a scroll of acquirement {unknown}
 n - 2 scrolls of identify
 q - a scroll of teleportation {unknown}
 s - a scroll of fear {unknown}
 t - a scroll of summoning {unknown}
 w - a scroll of magic mapping {unknown}
 x - a scroll of noise {unknown}
Potions
 h - a potion of heal wounds
 i - a potion of might
 k - a potion of lignification
 m - 2 potions of resistance {unknown}
 p - 2 potions of curing {unknown}
 v - a potion of brilliance {unknown}


   Skills:
 - Level 2.6 Fighting
 + Level 7.0 Maces & Flails
 - Level 2.0 Throwing
 - Level 2.6 Dodging


You had 6 spell levels left.
You didn't know any spells.
Your spell library contained the following spells:

 Spells                   Type           Power      Damage    Failure   Level
 Summon Small Mammal      Summ           0%         N/A       38%         1
 Call Canine Familiar     Summ           0%         N/A       77%         3
 Frozen Ramparts          Ice            0%         1d1       77%         3
 Hailstorm                Conj/Ice       0%         3d3       77%         3
 Summon Guardian Golem    Hex/Summ       0%         N/A       77%         3
 Ice Form                 Ice/Tmut       0%         N/A       99%         4
 Summon Ice Beast         Ice/Summ       0%         N/A       99%         4
 Simulacrum               Ice/Necr       0%         N/A       100%        6


Dungeon Overview and Level Annotations

Branches:
Dungeon (5/15)             Temple (1/1) D:4

Altars:
Ashenzari
Cheibriados
Dithmenos
Elyvilon
Fedhas
Gozag
Hepliaklqana
Kikubaaqudgha
Makhleb
Nemelex Xobeh
Okawaru
Qazlal
Ru
Sif Muna
Trog
Zin

Shops:
D:1 [


Innate Abilities, Weirdness & Mutations

You are too large for most types of armour.
You have tough skin. (AC +1)


Message History

You sock the yak!
The yak is almost dead.
The yak completely misses you.
You closely miss the yak.
The yak is almost dead.
The yak gores you but does no damage.
You thump the yak!
You kill the yak!
Makhleb accepts your kill. The yak barely misses you.
Your Maces & Flails skill increases to level 6!
You have reached level 6!
You feel stronger.
You sock the yak!
The yak is severely wounded.
The yak gores you but does no damage.
You thump the yak!
You kill the yak!
Makhleb accepts your kill.
Your Maces & Flails skill increases to level 7!
You have reached level 7!
You hit the yak.
The yak is lightly wounded.
The yak gores you!
The yak snorts and paws the ground.
You sock the yak!
The yak is heavily wounded.
The yak gores you!
* * * LOW HITPOINT WARNING * * *
You hit the yak.
The yak is heavily wounded.
The hound pauses to sniff the ground.
The yak gores you!
* * * LOW HITPOINT WARNING * * *
Okay, then.
As you read the scroll labelled URESOI USAATHRU, it crumbles to dust.
It is a scroll of identify.
k - a potion of lignification The yak gores you!
You die...

....##.# #.........#
####### ..###..#
#.........#
###....###.........#
.........#.........#
...................#
...................#
...................#
.........##....#########..
.........#####..@YYw......
##################.Y....##
....YYY.......#
....h.....#####
.....Y....# ....$.....#
........... ..?.........
.......w.....


You could see 3 yaks and a dart slug.

Vanquished Creatures
  2 yaks (D:5)
  A hound (D:5)
  An orc wizard (D:5)
  3 adders
  A worm (D:2)
  2 dart slugs
  4 orcs
  3 endoplasms (D:1)
  7 giant cockroaches
  3 goblins
  5 hobgoblins
  7 jackals
  6 kobolds
  3 quokkas
  3 ball pythons
  4 bats
  4 frilled lizards
  6 rats
65 creatures vanquished.

Notes
Turn   | Place    | Note
-------+----------+-------------------------------------------
     0 | D:1      | zenocrate the Ogre Gladiator began the quest for the Orb.
     0 | D:1      | Reached XP level 1. HP: 22/22 MP: 1/1
    91 | D:1      | Reached skill level 3 in Maces & Flails
    94 | D:1      | Reached XP level 2. HP: 17/29 MP: 2/2
   311 | D:1      | Found a faded altar of an unknown god.
   412 | D:1      | Found Jajeokant's Armour Boutique.
   545 | D:1      | Reached XP level 3. HP: 36/36 MP: 3/3
   845 | D:2      | Reached skill level 4 in Maces & Flails
  1238 | D:2      | You fall into a shaft and drop 2 floors!
  1286 | D:4      | Found a stormy altar of Qazlal.
  1297 | D:3      | Reached XP level 4. HP: 44/44 MP: 4/4
  1438 | D:3      | Found a glowing silver altar of Zin.
  1438 | D:3      | Found an opulent altar of Gozag.
  1439 | D:3      | Found a shimmering blue altar of Sif Muna.
  1660 | D:3      | Found a sacrificial altar of Ru.
  2069 | D:4      | Found a staircase to the Ecumenical Temple.
  2194 | Temple   | Entered the Ecumenical Temple
  2349 | Temple   | Became a worshipper of Makhleb the Destroyer
  2847 | D:5      | Entered Level 5 of the Dungeon
  2870 | D:5      | Reached skill level 5 in Maces & Flails
  2870 | D:5      | Reached XP level 5. HP: 50/50 MP: 5/5
  2877 | D:5      | Found a sparkling altar of Nemelex Xobeh.
  3065 | D:5      | Noticed a yak
  3065 | D:5      | Noticed a yak
  3066 | D:5      | Noticed a yak
  3066 | D:5      | Noticed a yak
  3066 | D:5      | Noticed a yak
  3066 | D:5      | Noticed a yak
  3079 | D:5      | Killed a yak
  3080 | D:5      | Reached skill level 6 in Maces & Flails
  3080 | D:5      | Reached XP level 6. HP: 30/59 MP: 6/6
  3081 | D:5      | Killed a yak
  3082 | D:5      | Reached skill level 7 in Maces & Flails
  3082 | D:5      | Reached XP level 7. HP: 34/66 MP: 7/7
  3085 | D:5      | Slain by a yak

Illustrated notes

Levels and vault maps discovered:
D:1:      grunt_arrival_crossed_arrows, layout_basic, serial_shops, shop,
          hellmonk_ecumenical_altar_zigzags, minmay_misc_feat_cross,
          st_stairs_1, feat_on_display
D:2:      cheibrodos_helix_gallery, layout_loops_cross,
          minmay_misc_feat_ornament, solitary_fountain
D:3:      layout_rooms, nicolae_overflow_quartered_altars, grunt_ministairs_14,
          kennysheep_generic_room_9
D:4:      layout_layer_cave, nicolae_qazlal_eye_of_the_storm,
          minmay_temple_entry_large_hall, kennysheep_generic_room_3
D:5:      layout_basic, mainiacjoe_overflow_paths, mainiacjoe_overflow_chevrons,
          mainiacjoe_overflow_brackets, minmay_misc_feat_iff
Temple:   hellmonk_temple_flake

Skill      XL: |  1  2  3  4  5  6 |
---------------+-------------------+-----
Maces & Flails | 3 4 5 6 7 |  7.0
Fighting       | |  2.6
Throwing       | |  2.0
Dodging        | |  2.6

Action                     |  1- 3 |  4- 6 |  7- 9 || total
---------------------------+-------+-------+-------++-------
  Melee: Flail             |   140 |    69 |     3 ||   212
         Punch             |       |     1 |       ||     1
    Use: Potion            |     1 |     2 |       ||     3
         Scroll            |       |       |     1 ||     1
   Stab: Sleeping          |     2 |       |       ||     2
 Armour: Robe              |    67 |    20 |       ||    87
  Dodge: Dodged            |   117 |    47 |       ||   164

Table legend: (Time is in decaauts)
 A = Elapsed time spent in this place.
 B = Non-inter-level travel time spent in this place.
 C = Inter-level travel time spent in this place.
 D = Time resting spent in this place.
 E = Time spent auto-exploring this place.
 F = Levels seen in this place.
 G = Mean time per level.
                   A        B        C        D        E       F      G
               +--------+--------+--------+--------+--------+-----+--------+
         Total |   3125 |   2978 |    147 |      0 |   2438 |   6 |  520.8 |
       Dungeon |   2958 |   2836 |    122 |      0 |   2309 |   5 |  591.6 |
        Temple |    166 |    141 |     25 |      0 |    129 |   1 |  166.0 |
               +--------+--------+--------+--------+--------+-----+--------+

Top non-repeatable levels by time:
     D:4: 904 daAuts
     D:1: 753 daAuts
     D:3: 547 daAuts
     D:2: 513 daAuts
     D:5: 239 daAuts
  Temple: 166 daAuts
